[ AOE2 MATCH · #471808792 ]
UnrankedMalay vs Hindustanis
[ REPLAY ANALYSIS · EXTRACTED FROM THE RECORDED GAME ]
Feudal
9:46
Castle
21:22
Imperial
33:42
| APM avg | 46.4 |
| APM peak | 87 |
| eAPM avg | 30.6 |
| Villagers / military | 103 / 204 |
Focus
⚔️ 32.2% · 🌾 67.8%
Battle Elephant ×129 · Fishing Ship ×47 · Spearman ×38 · Battering Ram ×21 · Scorpion ×14 · Trade Cart ×8
Feudal
10:57
Castle
14:45
Imperial
29:43
| APM avg | 34.8 |
| APM peak | 69 |
| eAPM avg | 25.9 |
| Villagers / military | 206 / 187 |
Focus
⚔️ 22.2% · 🌾 77.8%
Camel Scout ×141 · Scout Cavalry ×45 · Fishing Ship ×5 · Monk ×1
Feudal
8:56
Castle
20:22
Imperial
30:15
| APM avg | 33.1 |
| APM peak | 71 |
| eAPM avg | 19.2 |
| Villagers / military | 221 / 190 |
Focus
⚔️ 20.1% · 🌾 79.9%
Spearman ×190 · Fishing Ship ×9
Feudal
12:24
Castle
16:28
Imperial
28:39
| APM avg | 51.2 |
| APM peak | 99 |
| eAPM avg | 29.0 |
| Villagers / military | 161 / 83 |
Focus
⚔️ 19.8% · 🌾 80.2%
Spearman ×69 · Bombard Cannon ×8 · Mangonel ×4 · Fishing Ship ×4 · Monk ×1 · Battering Ram ×1
Feudal
11:28
Castle
15:00
Imperial
27:59
| APM avg | 33.8 |
| APM peak | 78 |
| eAPM avg | 19.5 |
| Villagers / military | 154 / 118 |
Focus
⚔️ 23.9% · 🌾 76.1%
Cavalry Archer ×104 · Fishing Ship ×15 · Trebuchet (Packed) ×9 · Monk ×3 · Mangonel ×2
Feudal
10:52
Castle
14:48
Imperial
29:29
| APM avg | 28.4 |
| APM peak | 70 |
| eAPM avg | 18.3 |
| Villagers / military | 159 / 82 |
Focus
⚔️ 20.5% · 🌾 79.5%
War Elephant ×73 · Fishing Ship ×5 · Battering Ram ×4 · Trebuchet (Packed) ×4 · Monk ×1
Feudal
13:22
Castle
17:25
Imperial
36:48
| APM avg | 24.3 |
| APM peak | 68 |
| eAPM avg | 16.7 |
| Villagers / military | 134 / 53 |
Focus
⚔️ 24.3% · 🌾 75.7%
War Wagon ×45 · Petard ×8
Feudal
10:33
Castle
18:43
Imperial
31:15
| APM avg | 39.1 |
| APM peak | 80 |
| eAPM avg | 25.4 |
| Villagers / military | 129 / 126 |
Focus
⚔️ 26.3% · 🌾 73.7%
Elephant Archer ×115 · Fishing Ship ×27 · Bombard Cannon ×7 · Hand Cannoneer ×4
Match map
Initial resources + every placement click. Lines = walls · curves = elevation contours. ◆ gold · ⬟ stone · ● berries · ✦ relic · ◌ wall gap
Your base· ✓ Closed at 21:22 · 0t walls · no gate
EXILE | Lightning's base· ✓ Closed at 14:45 · 0t walls · no gate
野豬騎士來囉's base· ✓ Closed at 20:22 · 4t walls · 1 gate(s)
hK | Agt. Smith's base· ✓ Closed at 16:28 · 36t walls · no gate
Issue's base· ✓ Closed at 15:00 · 0t walls · no gate
hK | TwisteR's base· ✓ Closed at 14:48 · 0t walls · no gate
叫我一声靓仔's base· ✓ Closed at 17:25 · 45t walls · no gate
明太宗Judy's base· ✓ Closed at 18:43 · 36t walls · no gate
Smoothed initial terrain · ◌ = detected wall gap · hover for details
Inputs per minute
— 随机必投 - - EXILE | Lightning
Build order — 随机必投
First 150 of 566 actions detected
| 0:02 | Create | Villager (Male) |
| 0:02 | Create | Villager (Male) |
| 0:02 | Create | Villager (Male) |
| 0:03 | Build | House |
| 0:05 | Build | House |
| 0:12 | Create | Villager (Male) |
| 0:12 | Create | Villager (Male) |
| 1:28 | Create | Villager (Male) |
| 1:29 | Create | Villager (Male) |
| 1:50 | Create | Villager (Male) |
| 2:32 | Create | Villager (Male) |
| 2:33 | Create | Villager (Male) |
| 2:33 | Create | Villager (Male) |
| 2:41 | Create | Villager (Male) |
| 2:41 | Create | Villager (Male) |
| 3:07 | Build | Lumber Camp |
| 3:10 | Create | Villager (Male) |
| 3:10 | Create | Villager (Male) |
| 3:11 | Create | Villager (Male) |
| 3:17 | Build | House |
| 3:19 | Build | House |
| 3:37 | Create | Villager (Male) |
| 3:40 | Create | Villager (Male) |
| 4:12 | Create | Villager (Male) |
| 4:13 | Create | Villager (Male) |
| 4:51 | Create | Villager (Male) |
| 4:51 | Create | Villager (Male) |
| 4:56 | Research | Loom |
| 5:36 | Create | Villager (Male) |
| 5:36 | Create | Villager (Male) |
| 5:59 | Create | Villager (Male) |
| 5:59 | Create | Villager (Male) |
| 6:05 | Create | Villager (Male) |
| 6:06 | Create | Villager (Male) |
| 6:09 | Create | Villager (Male) |
| 6:10 | Create | Villager (Male) |
| 6:22 | Build | Dock |
| 6:25 | Create | Villager (Male) |
| 6:25 | Create | Villager (Male) |
| 7:27 | Create | Fishing Ship |
| 7:27 | Create | Fishing Ship |
| 7:43 | Create | Villager (Male) |
| 7:59 | Build | House |
| 8:00 | Build | House |
| 8:11 | Create | Villager (Male) |
| 8:21 | Build | House |
| 8:24 | Build | House |
| 8:28 | Research | Feudal Age |
| 9:07 | Build | House |
| 9:37 | Create | Villager (Male) |
| 9:37 | Create | Villager (Male) |
| 9:46 | Age | Feudal Age |
| 9:47 | Research | Double-Bit Axe |
| 9:47 | Research | Double-Bit Axe |
| 9:47 | Research | Double-Bit Axe |
| 9:48 | Create | Villager (Male) |
| 10:04 | Create | Fishing Ship |
| 10:25 | Build | Lumber Camp |
| 10:27 | Create | Villager (Male) |
| 10:34 | Create | Villager (Male) |
| 10:40 | Create | Villager (Male) |
| 10:55 | Create | Fishing Ship |
| 11:20 | Create | Villager (Male) |
| 11:31 | Build | Dock |
| 11:46 | Build | Dock |
| 11:52 | Create | Villager (Male) |
| 11:58 | Build | Lumber Camp |
| 12:05 | Create | Villager (Male) |
| 12:17 | Build | House |
| 12:18 | Build | House |
| 12:19 | Build | House |
| 12:20 | Build | House |
| 12:21 | Build | House |
| 12:27 | Create | Fishing Ship |
| 12:27 | Create | Fishing Ship |
| 12:30 | Create | Fishing Ship |
| 12:30 | Create | Fishing Ship |
| 12:30 | Create | Fishing Ship |
| 12:37 | Create | Villager (Male) |
| 12:37 | Create | Villager (Male) |
| 12:50 | Create | Fishing Ship |
| 12:51 | Create | Villager (Male) |
| 12:51 | Create | Fishing Ship |
| 12:53 | Create | Fishing Ship |
| 12:53 | Create | Fishing Ship |
| 12:53 | Create | Fishing Ship |
| 12:56 | Create | Fishing Ship |
| 12:57 | Create | Fishing Ship |
| 12:57 | Create | Fishing Ship |
| 13:08 | Create | Villager (Male) |
| 13:09 | Create | Villager (Male) |
| 13:09 | Create | Villager (Male) |
| 13:10 | Create | Villager (Male) |
| 13:15 | Build | Lumber Camp |
| 13:22 | Create | Fishing Ship |
| 13:36 | Build | Dock |
| 13:50 | Build | Fish Trap |
| 13:54 | Build | Fish Trap |
| 14:06 | Build | Fish Trap |
| 14:15 | Research | Tech 906 |
| 14:15 | Research | Tech 906 |
| 14:17 | Build | Fish Trap |
| 14:26 | Create | Fishing Ship |
| 14:26 | Create | Fishing Ship |
| 14:32 | Build | Dock |
| 14:37 | Create | Villager (Male) |
| 14:37 | Create | Villager (Male) |
| 14:41 | Build | Fish Trap |
| 14:49 | Create | Fishing Ship |
| 14:50 | Create | Fishing Ship |
| 14:50 | Create | Fishing Ship |
| 14:54 | Build | Fish Trap |
| 15:02 | Build | Fish Trap |
| 15:23 | Build | House |
| 15:24 | Build | House |
| 15:25 | Build | House |
| 15:26 | Build | House |
| 15:27 | Build | House |
| 15:27 | Build | House |
| 15:28 | Build | House |
| 15:29 | Create | Villager (Male) |
| 15:29 | Create | Fishing Ship |
| 15:31 | Create | Fishing Ship |
| 15:34 | Create | Fishing Ship |
| 15:34 | Create | Fishing Ship |
| 15:34 | Create | Fishing Ship |
| 15:36 | Create | Villager (Male) |
| 15:41 | Build | Fish Trap |
| 15:47 | Build | Fish Trap |
| 15:54 | Build | Fish Trap |
| 15:58 | Build | Fish Trap |
| 16:03 | Create | Villager (Male) |
| 16:04 | Create | Villager (Male) |
| 16:07 | Create | Villager (Male) |
| 16:14 | Build | Mill |
| 16:24 | Build | Mining Camp |
| 16:28 | Create | Villager (Male) |
| 16:28 | Create | Fishing Ship |
| 16:31 | Build | Fish Trap |
| 16:39 | Create | Fishing Ship |
| 16:39 | Create | Villager (Male) |
| 16:40 | Create | Fishing Ship |
| 16:43 | Create | Fishing Ship |
| 16:43 | Create | Fishing Ship |
| 16:44 | Create | Fishing Ship |
| 16:44 | Create | Fishing Ship |
| 16:53 | Build | Fish Trap |
| 16:54 | Create | Villager (Male) |
| 17:05 | Build | Blacksmith |
| 17:12 | Create | Villager (Male) |
Build order — EXILE | Lightning
First 150 of 489 actions detected
| 0:02 | Create | Villager (Male) |
| 0:02 | Create | Villager (Male) |
| 0:02 | Create | Villager (Male) |
| 0:05 | Build | House |
| 0:06 | Build | House |
| 0:20 | Create | Villager (Male) |
| 0:20 | Create | Villager (Male) |
| 1:13 | Create | Villager (Male) |
| 1:13 | Create | Villager (Male) |
| 1:57 | Create | Villager (Male) |
| 2:02 | Build | House |
| 2:21 | Create | Villager (Male) |
| 2:21 | Create | Villager (Male) |
| 2:38 | Create | Villager (Male) |
| 3:08 | Create | Villager (Male) |
| 3:08 | Create | Villager (Male) |
| 3:13 | Build | House |
| 3:44 | Build | Lumber Camp |
| 3:47 | Create | Villager (Male) |
| 3:47 | Create | Villager (Male) |
| 4:06 | Create | Villager (Male) |
| 4:06 | Create | Villager (Male) |
| 4:37 | Create | Villager (Male) |
| 4:37 | Create | Villager (Male) |
| 5:07 | Create | Villager (Male) |
| 5:08 | Create | Villager (Male) |
| 5:31 | Build | Mill |
| 5:51 | Create | Villager (Male) |
| 5:51 | Create | Villager (Male) |
| 5:53 | Create | Villager (Male) |
| 5:53 | Create | Villager (Male) |
| 6:09 | Create | Villager (Male) |
| 6:09 | Create | Villager (Male) |
| 6:38 | Create | Villager (Male) |
| 6:54 | Create | Villager (Male) |
| 7:13 | Build | Mining Camp |
| 7:21 | Create | Villager (Male) |
| 7:30 | Create | Villager (Male) |
| 7:43 | Create | Villager (Male) |
| 7:56 | Create | Villager (Male) |
| 8:06 | Create | Villager (Male) |
| 8:07 | Create | Villager (Male) |
| 8:20 | Create | Villager (Male) |
| 8:26 | Create | Villager (Male) |
| 8:41 | Research | Feudal Age |
| 8:51 | Build | Farm |
| 8:54 | Build | Farm |
| 9:04 | Build | Farm |
| 9:33 | Build | Farm |
| 10:09 | Build | Farm |
| 10:57 | Age | Feudal Age |
| 11:02 | Build | Market |
| 11:07 | Create | Villager (Male) |
| 11:15 | Create | Villager (Male) |
| 11:29 | Build | Blacksmith |
| 11:44 | Build | House |
| 11:54 | Research | Loom |
| 11:58 | Create | Villager (Male) |
| 12:05 | Research | Castle Age |
| 12:11 | Build | House |
| 12:22 | Research | Double-Bit Axe |
| 12:41 | Research | Horse Collar |
| 13:08 | Build | House |
| 13:11 | Create | Villager (Male) |
| 13:53 | Build | House |
| 13:59 | Create | Villager (Male) |
| 14:26 | Build | House |
| 14:42 | Research | Wheelbarrow |
| 14:45 | Age | Castle Age |
| 14:59 | Build | Town Center |
| 15:15 | Build | Town Center |
| 15:22 | Create | Villager (Male) |
| 15:25 | Research | Bow Saw |
| 15:30 | Build | Farm |
| 15:31 | Create | Villager (Male) |
| 15:33 | Build | House |
| 15:34 | Create | Villager (Male) |
| 15:38 | Create | Villager (Male) |
| 15:48 | Build | House |
| 15:50 | Create | Villager (Male) |
| 16:09 | Create | Villager (Male) |
| 16:15 | Research | Heavy Plow |
| 16:15 | Create | Villager (Male) |
| 16:20 | Create | Villager (Male) |
| 16:23 | Create | Villager (Male) |
| 16:33 | Create | Villager (Male) |
| 16:42 | Build | Farm |
| 16:43 | Create | Villager (Male) |
| 16:45 | Build | House |
| 17:05 | Create | Villager (Male) |
| 17:13 | Create | Villager (Male) |
| 17:16 | Build | Farm |
| 17:18 | Build | House |
| 17:21 | Build | Farm |
| 17:22 | Create | Villager (Male) |
| 17:25 | Build | Farm |
| 17:32 | Build | Farm |
| 17:44 | Create | Villager (Male) |
| 17:46 | Build | Farm |
| 17:49 | Build | House |
| 17:51 | Create | Villager (Male) |
| 18:00 | Build | Farm |
| 18:06 | Build | Farm |
| 18:13 | Build | House |
| 18:17 | Create | Villager (Male) |
| 18:17 | Create | Villager (Male) |
| 18:21 | Build | Farm |
| 18:25 | Build | Farm |
| 18:26 | Create | Villager (Male) |
| 18:31 | Build | Lumber Camp |
| 18:43 | Create | Villager (Male) |
| 18:44 | Create | Villager (Male) |
| 18:46 | Build | Farm |
| 18:47 | Create | Villager (Male) |
| 18:49 | Create | Villager (Male) |
| 18:50 | Create | Villager (Male) |
| 18:56 | Create | Villager (Male) |
| 18:59 | Create | Villager (Male) |
| 19:10 | Create | Villager (Male) |
| 19:12 | Build | Farm |
| 19:18 | Build | House |
| 19:19 | Create | Villager (Male) |
| 19:23 | Build | Farm |
| 19:28 | Build | Farm |
| 19:31 | Create | Villager (Male) |
| 19:32 | Create | Villager (Male) |
| 19:35 | Create | Villager (Male) |
| 19:39 | Build | Farm |
| 19:44 | Create | Villager (Male) |
| 19:48 | Build | Farm |
| 19:53 | Build | House |
| 19:54 | Create | Villager (Male) |
| 19:57 | Build | Farm |
| 19:57 | Create | Villager (Male) |
| 20:03 | Build | Farm |
| 20:04 | Create | Villager (Male) |
| 20:11 | Build | Farm |
| 20:16 | Create | Villager (Male) |
| 20:20 | Create | Villager (Male) |
| 20:28 | Create | Villager (Male) |
| 20:30 | Build | Farm |
| 20:31 | Create | Villager (Male) |
| 20:36 | Build | Farm |
| 20:37 | Create | Villager (Male) |
| 20:44 | Create | Villager (Male) |
| 20:48 | Create | Villager (Male) |
| 20:57 | Build | House |
| 20:59 | Create | Villager (Male) |
| 21:05 | Create | Villager (Male) |
| 21:07 | Create | Villager (Male) |
Build order — 野豬騎士來囉
First 150 of 446 actions detected
| 0:00 | Create | Villager (Male) |
| 0:00 | Create | Villager (Male) |
| 0:00 | Create | Villager (Male) |
| 0:01 | Create | Villager (Male) |
| 0:01 | Create | Villager (Male) |
| 0:04 | Build | House |
| 0:06 | Build | House |
| 1:37 | Create | Villager (Male) |
| 2:17 | Create | Villager (Male) |
| 2:17 | Create | Villager (Male) |
| 2:42 | Create | Villager (Male) |
| 2:42 | Create | Villager (Male) |
| 2:42 | Create | Villager (Male) |
| 3:06 | Create | Villager (Male) |
| 3:07 | Create | Villager (Male) |
| 3:26 | Create | Villager (Male) |
| 3:51 | Build | House |
| 3:54 | Create | Villager (Male) |
| 3:55 | Create | Villager (Male) |
| 4:10 | Build | Lumber Camp |
| 4:20 | Build | Mining Camp |
| 4:25 | Create | Villager (Male) |
| 4:25 | Create | Villager (Male) |
| 4:25 | Create | Villager (Male) |
| 5:12 | Create | Villager (Male) |
| 5:35 | Research | Loom |
| 6:46 | Research | Feudal Age |
| 8:06 | Create | Villager (Male) |
| 8:07 | Create | Villager (Male) |
| 8:10 | Create | Villager (Male) |
| 8:12 | Create | Villager (Male) |
| 8:13 | Create | Villager (Male) |
| 8:29 | Create | Villager (Male) |
| 8:30 | Create | Villager (Male) |
| 8:50 | Build | House |
| 8:51 | Build | House |
| 8:56 | Age | Feudal Age |
| 9:00 | Build | Watch Tower |
| 9:05 | Create | Villager (Male) |
| 9:06 | Create | Villager (Male) |
| 9:25 | Create | Villager (Male) |
| 9:25 | Create | Villager (Male) |
| 9:25 | Create | Villager (Male) |
| 10:03 | Build | House |
| 10:04 | Build | House |
| 10:14 | Create | Villager (Male) |
| 10:14 | Create | Villager (Male) |
| 10:19 | Create | Villager (Male) |
| 10:19 | Create | Villager (Male) |
| 10:19 | Create | Villager (Male) |
| 10:19 | Create | Villager (Male) |
| 10:19 | Create | Villager (Male) |
| 10:19 | Create | Villager (Male) |
| 11:01 | Create | Villager (Male) |
| 11:02 | Create | Villager (Male) |
| 11:02 | Create | Villager (Male) |
| 11:27 | Build | Gate |
| 11:31 | Build | Stone Wall |
| 11:39 | Build | Mill |
| 11:43 | Create | Villager (Male) |
| 11:43 | Create | Villager (Male) |
| 11:55 | Create | Villager (Male) |
| 11:55 | Create | Villager (Male) |
| 11:56 | Create | Villager (Male) |
| 11:56 | Create | Villager (Male) |
| 12:08 | Create | Villager (Male) |
| 12:08 | Create | Villager (Male) |
| 12:08 | Create | Villager (Male) |
| 12:38 | Create | Villager (Male) |
| 12:38 | Create | Villager (Male) |
| 12:39 | Create | Villager (Male) |
| 12:39 | Create | Villager (Male) |
| 12:39 | Create | Villager (Male) |
| 12:58 | Build | Dock |
| 13:04 | Create | Villager (Male) |
| 13:04 | Create | Villager (Male) |
| 13:04 | Create | Villager (Male) |
| 13:16 | Create | Villager (Male) |
| 13:16 | Create | Villager (Male) |
| 13:25 | Create | Villager (Male) |
| 13:41 | Build | House |
| 13:42 | Build | House |
| 13:48 | Create | Fishing Ship |
| 13:48 | Create | Fishing Ship |
| 13:52 | Create | Fishing Ship |
| 13:53 | Create | Fishing Ship |
| 13:55 | Create | Villager (Male) |
| 13:55 | Create | Villager (Male) |
| 14:23 | Create | Villager (Male) |
| 14:32 | Build | Lumber Camp |
| 14:56 | Build | Mining Camp |
| 15:03 | Create | Villager (Male) |
| 15:24 | Create | Fishing Ship |
| 15:25 | Create | Fishing Ship |
| 15:28 | Create | Villager (Male) |
| 15:46 | Create | Fishing Ship |
| 15:56 | Create | Villager (Male) |
| 16:37 | Build | Market |
| 16:54 | Build | Blacksmith |
| 17:13 | Build | Lumber Camp |
| 17:40 | Research | Castle Age |
| 17:43 | Research | Double-Bit Axe |
| 18:09 | Create | Fishing Ship |
| 18:09 | Create | Fishing Ship |
| 18:19 | Build | Fish Trap |
| 18:52 | Research | Horse Collar |
| 18:58 | Build | House |
| 18:59 | Build | House |
| 19:00 | Build | House |
| 19:10 | Build | Farm |
| 19:11 | Build | Farm |
| 19:12 | Build | Farm |
| 19:23 | Build | Fish Trap |
| 19:31 | Build | Fish Trap |
| 19:36 | Build | Fish Trap |
| 19:41 | Build | Fish Trap |
| 19:53 | Create | Villager (Male) |
| 19:54 | Create | Villager (Male) |
| 19:54 | Create | Villager (Male) |
| 19:54 | Create | Villager (Male) |
| 19:56 | Create | Villager (Male) |
| 19:56 | Create | Villager (Male) |
| 19:56 | Create | Villager (Male) |
| 19:57 | Create | Villager (Male) |
| 20:22 | Age | Castle Age |
| 20:25 | Build | Town Center |
| 20:30 | Research | Bow Saw |
| 21:03 | Build | Town Center |
| 21:09 | Create | Villager (Male) |
| 21:18 | Build | Farm |
| 21:23 | Build | Farm |
| 21:26 | Build | Farm |
| 21:28 | Create | Villager (Male) |
| 21:28 | Create | Villager (Male) |
| 21:28 | Create | Villager (Male) |
| 21:51 | Build | Town Center |
| 21:57 | Create | Villager (Male) |
| 21:57 | Create | Villager (Male) |
| 22:05 | Build | Farm |
| 22:07 | Build | Farm |
| 22:12 | Create | Villager (Male) |
| 22:12 | Create | Villager (Male) |
| 22:21 | Build | Farm |
| 22:25 | Build | Farm |
| 22:27 | Create | Villager (Male) |
| 22:28 | Create | Villager (Male) |
| 22:33 | Build | Farm |
| 22:33 | Build | Farm |
| 22:43 | Create | Villager (Male) |
| 22:43 | Create | Villager (Male) |
Build order — hK | Agt. Smith
First 150 of 365 actions detected
| 0:02 | Create | Villager (Male) |
| 0:04 | Build | House |
| 0:05 | Build | House |
| 0:07 | Create | Villager (Male) ×3 |
| 0:08 | Create | Villager (Male) ×3 |
| 1:29 | Build | House |
| 1:49 | Research | Loom |
| 1:50 | Create | Villager (Male) |
| 2:18 | Create | Villager (Male) |
| 2:33 | Create | Villager (Male) |
| 2:47 | Create | Villager (Male) |
| 3:06 | Research | Loom |
| 3:38 | Create | Villager (Male) |
| 3:38 | Create | Villager (Male) |
| 3:46 | Build | Lumber Camp |
| 3:51 | Build | Palisade Wall |
| 3:58 | Create | Villager (Male) |
| 4:13 | Create | Villager (Male) |
| 4:47 | Create | Villager (Male) |
| 5:04 | Create | Villager (Male) |
| 5:08 | Build | Palisade Wall |
| 5:43 | Build | Palisade Wall |
| 5:45 | Create | Villager (Male) |
| 5:54 | Build | House |
| 6:07 | Build | Palisade Wall |
| 6:09 | Create | Villager (Male) |
| 6:20 | Create | Villager (Male) |
| 7:07 | Build | Mill |
| 7:16 | Create | Villager (Male) |
| 7:16 | Create | Villager (Male) |
| 7:42 | Create | Villager (Male) |
| 7:58 | Build | Palisade Wall |
| 8:02 | Create | Villager (Male) |
| 8:27 | Build | House |
| 8:56 | Build | Lumber Camp |
| 8:59 | Create | Villager (Male) |
| 9:20 | Create | Villager (Male) |
| 9:38 | Create | Villager (Male) |
| 9:38 | Create | Villager (Male) |
| 9:52 | Build | Palisade Wall |
| 9:55 | Build | Palisade Wall |
| 10:06 | Build | Mining Camp |
| 10:10 | Research | Feudal Age |
| 11:22 | Build | House |
| 12:24 | Age | Feudal Age |
| 12:26 | Create | Villager (Male) |
| 12:26 | Create | Villager (Male) |
| 12:29 | Build | Market |
| 12:31 | Build | Blacksmith |
| 12:56 | Build | Dock |
| 13:04 | Build | Mining Camp |
| 13:07 | Create | Villager (Male) |
| 13:19 | Build | Farm |
| 13:22 | Build | Farm |
| 13:48 | Research | Castle Age |
| 14:08 | Create | Fishing Ship |
| 14:09 | Create | Fishing Ship |
| 14:13 | Build | House |
| 14:22 | Research | Double-Bit Axe |
| 14:22 | Research | Double-Bit Axe |
| 14:35 | Build | Outpost |
| 15:00 | Build | Stone Wall |
| 15:52 | Create | Fishing Ship |
| 15:53 | Create | Fishing Ship |
| 16:05 | Research | Horse Collar |
| 16:28 | Age | Castle Age |
| 16:30 | Create | Villager (Male) |
| 16:30 | Create | Villager (Male) |
| 16:36 | Build | Town Center |
| 16:41 | Build | Monastery |
| 16:46 | Build | Farm |
| 17:04 | Build | Farm |
| 17:15 | Research | Fervor |
| 17:15 | Research | Fervor |
| 17:20 | Create | Villager (Male) |
| 17:25 | Build | Farm |
| 17:32 | Build | Farm |
| 17:52 | Create | Villager (Male) |
| 17:55 | Build | Farm |
| 17:57 | Build | Farm |
| 18:00 | Create | Villager (Male) |
| 18:01 | Create | Villager (Male) |
| 18:11 | Create | Monk |
| 18:12 | Create | Villager (Male) |
| 18:12 | Create | Villager (Male) |
| 18:35 | Build | Town Center |
| 18:38 | Create | Villager (Male) |
| 18:45 | Build | Farm |
| 18:52 | Create | Villager (Male) |
| 18:53 | Create | Villager (Male) |
| 18:56 | Build | Farm |
| 19:10 | Build | Farm |
| 19:12 | Create | Villager (Male) |
| 19:12 | Create | Villager (Male) |
| 19:23 | Build | Farm |
| 19:33 | Build | Farm |
| 19:36 | Create | Villager (Male) |
| 19:43 | Build | Farm |
| 19:45 | Create | Villager (Male) |
| 19:46 | Create | Villager (Male) |
| 19:56 | Research | Wheelbarrow |
| 20:02 | Build | Farm |
| 20:08 | Create | Villager (Male) |
| 20:09 | Create | Villager (Male) |
| 20:20 | Build | Farm |
| 20:26 | Build | Farm |
| 20:30 | Create | Villager (Male) |
| 20:32 | Build | Farm |
| 20:45 | Create | Villager (Male) |
| 20:45 | Create | Villager (Male) |
| 20:47 | Build | Fish Trap |
| 20:51 | Build | House |
| 20:52 | Build | House |
| 20:54 | Create | Villager (Male) |
| 20:54 | Create | Villager (Male) |
| 21:06 | Build | Fish Trap |
| 21:22 | Build | Fish Trap |
| 21:26 | Create | Villager (Male) ×4 |
| 21:36 | Build | Fish Trap |
| 21:42 | Build | Outpost |
| 21:46 | Create | Villager (Male) |
| 21:51 | Build | House |
| 21:52 | Build | House |
| 21:54 | Create | Villager (Male) |
| 22:12 | Build | University |
| 22:14 | Create | Villager (Male) |
| 22:15 | Create | Villager (Male) |
| 22:21 | Create | Villager (Male) |
| 22:24 | Build | Farm |
| 22:29 | Create | Villager (Male) |
| 22:30 | Create | Villager (Male) |
| 22:42 | Build | Farm |
| 22:43 | Build | Farm |
| 22:44 | Build | Farm |
| 22:46 | Build | Farm |
| 22:50 | Build | House |
| 22:51 | Build | House |
| 23:01 | Build | University |
| 23:04 | Build | Mining Camp |
| 23:06 | Create | Villager (Male) |
| 23:06 | Create | Villager (Male) |
| 23:09 | Build | Farm |
| 23:21 | Create | Villager (Male) |
| 23:21 | Create | Villager (Male) |
| 23:22 | Build | Farm |
| 23:25 | Build | House |
| 23:26 | Build | Farm |
| 23:27 | Create | Villager (Male) |
| 23:27 | Create | Villager (Male) |
| 23:39 | Build | Castle |
Build order — Issue
First 150 of 399 actions detected
| 0:01 | Create | Villager (Male) |
| 0:02 | Create | Villager (Male) |
| 0:02 | Create | Villager (Male) |
| 0:02 | Create | Villager (Male) |
| 0:04 | Build | House |
| 0:05 | Build | House |
| 1:36 | Create | Villager (Male) |
| 1:36 | Create | Villager (Male) |
| 1:47 | Build | Lumber Camp |
| 1:55 | Create | Villager (Male) |
| 1:55 | Create | Villager (Male) |
| 2:17 | Create | Villager (Male) |
| 2:17 | Create | Villager (Male) |
| 2:54 | Create | Villager (Male) |
| 2:54 | Create | Villager (Male) |
| 2:55 | Create | Villager (Male) |
| 3:29 | Create | Villager (Male) |
| 3:30 | Create | Villager (Male) |
| 3:47 | Build | House |
| 3:53 | Create | Villager (Male) |
| 3:53 | Create | Villager (Male) |
| 4:14 | Build | House |
| 4:25 | Create | Villager (Male) |
| 4:25 | Create | Villager (Male) |
| 4:49 | Build | Dock |
| 4:56 | Create | Villager (Male) |
| 5:19 | Create | Villager (Male) |
| 5:39 | Create | Fishing Ship |
| 5:45 | Create | Villager (Male) |
| 5:45 | Create | Villager (Male) |
| 5:45 | Create | Villager (Male) |
| 6:35 | Create | Fishing Ship |
| 6:58 | Build | House |
| 7:08 | Create | Villager (Male) |
| 7:08 | Create | Villager (Male) |
| 7:13 | Create | Fishing Ship |
| 7:46 | Create | Villager (Male) |
| 7:54 | Create | Fishing Ship |
| 8:28 | Create | Villager (Male) |
| 8:42 | Create | Villager (Male) |
| 8:58 | Build | Mining Camp |
| 9:17 | Research | Feudal Age |
| 10:24 | Build | Mill |
| 10:31 | Create | Villager (Male) |
| 10:31 | Create | Villager (Male) |
| 10:41 | Build | House |
| 11:28 | Age | Feudal Age |
| 11:30 | Build | Market |
| 11:38 | Build | Blacksmith |
| 11:40 | Build | House |
| 12:07 | Research | Double-Bit Axe |
| 12:20 | Research | Castle Age |
| 12:21 | Research | Castle Age |
| 13:42 | Create | Villager (Male) |
| 14:19 | Create | Villager (Male) |
| 14:58 | Create | Villager (Male) |
| 15:00 | Age | Castle Age |
| 15:08 | Build | Town Center |
| 15:14 | Build | Town Center |
| 15:29 | Build | Town Center |
| 15:32 | Create | Villager (Male) |
| 15:41 | Research | Bow Saw |
| 16:20 | Create | Villager (Male) |
| 16:26 | Build | Fish Trap |
| 16:34 | Create | Villager (Male) |
| 16:39 | Create | Villager (Male) |
| 16:45 | Create | Villager (Male) |
| 16:47 | Create | Villager (Male) |
| 16:52 | Create | Villager (Male) |
| 16:52 | Create | Villager (Male) |
| 16:59 | Build | Fish Trap |
| 17:00 | Create | Villager (Male) |
| 17:07 | Create | Villager (Male) |
| 17:07 | Create | Villager (Male) |
| 17:08 | Create | Villager (Male) |
| 17:08 | Create | Villager (Male) |
| 17:17 | Create | Villager (Male) |
| 17:22 | Build | Fish Trap |
| 17:36 | Create | Villager (Male) |
| 17:37 | Create | Villager (Male) |
| 17:37 | Create | Villager (Male) |
| 17:38 | Create | Villager (Male) |
| 17:38 | Create | Villager (Male) |
| 17:38 | Create | Villager (Male) |
| 17:44 | Build | Fish Trap |
| 17:45 | Create | Villager (Male) |
| 17:53 | Create | Villager (Male) |
| 17:57 | Create | Fishing Ship |
| 18:09 | Create | Villager (Male) |
| 18:15 | Build | Dock |
| 18:18 | Create | Villager (Male) |
| 18:21 | Build | House |
| 18:22 | Build | House |
| 18:25 | Create | Villager (Male) |
| 18:29 | Build | House |
| 18:31 | Build | House |
| 18:34 | Create | Villager (Male) |
| 18:44 | Build | Fish Trap |
| 18:47 | Create | Villager (Male) |
| 18:51 | Build | House |
| 18:52 | Build | House |
| 18:56 | Create | Villager (Male) |
| 18:57 | Create | Fishing Ship |
| 19:00 | Create | Fishing Ship |
| 19:18 | Create | Villager (Male) |
| 19:19 | Research | Horse Collar |
| 19:20 | Create | Villager (Male) |
| 19:22 | Create | Villager (Male) |
| 19:25 | Create | Villager (Male) |
| 19:25 | Create | Villager (Male) |
| 19:31 | Create | Fishing Ship |
| 19:32 | Create | Fishing Ship |
| 19:34 | Create | Villager (Male) |
| 19:40 | Research | Heavy Plow |
| 19:40 | Research | Heavy Plow |
| 19:46 | Build | Fish Trap |
| 19:51 | Build | Fish Trap |
| 19:53 | Create | Villager (Male) |
| 20:02 | Create | Villager (Male) |
| 20:06 | Create | Fishing Ship |
| 20:06 | Create | Fishing Ship |
| 20:07 | Create | Villager (Male) |
| 20:07 | Create | Villager (Male) |
| 20:07 | Create | Villager (Male) |
| 20:10 | Create | Villager (Male) |
| 20:12 | Build | Farm |
| 20:13 | Build | Farm |
| 20:14 | Build | Farm |
| 20:15 | Build | Farm |
| 20:16 | Create | Villager (Male) |
| 20:16 | Create | Villager (Male) |
| 20:22 | Create | Villager (Male) |
| 20:22 | Create | Villager (Male) |
| 20:36 | Build | Fish Trap |
| 20:37 | Create | Villager (Male) |
| 20:42 | Build | Fish Trap |
| 20:56 | Create | Villager (Male) |
| 20:56 | Create | Villager (Male) |
| 21:03 | Create | Villager (Male) |
| 21:03 | Create | Villager (Male) |
| 21:05 | Build | Farm |
| 21:06 | Build | Farm |
| 21:06 | Build | Farm |
| 21:06 | Build | Farm |
| 21:07 | Build | Farm |
| 21:07 | Build | Farm |
| 21:07 | Build | Farm |
| 21:08 | Build | Farm |
| 21:12 | Create | Fishing Ship |
| 21:12 | Create | Fishing Ship |
Build order — hK | TwisteR
First 150 of 374 actions detected
| 0:01 | Create | Villager (Male) |
| 0:04 | Build | House |
| 0:05 | Build | House |
| 0:15 | Create | Villager (Male) |
| 0:24 | Create | Villager (Male) |
| 0:24 | Create | Villager (Male) |
| 0:25 | Create | Villager (Male) |
| 1:37 | Create | Villager (Male) |
| 1:52 | Build | Lumber Camp |
| 1:52 | Create | Villager (Male) |
| 2:39 | Create | Villager (Male) |
| 3:03 | Create | Villager (Male) |
| 3:07 | Create | Villager (Male) |
| 3:39 | Build | House |
| 3:59 | Build | Dock |
| 4:03 | Create | Villager (Male) |
| 4:22 | Create | Villager (Male) |
| 4:53 | Create | Villager (Male) |
| 4:53 | Create | Villager (Male) |
| 4:56 | Create | Fishing Ship |
| 5:06 | Create | Villager (Male) |
| 5:28 | Create | Fishing Ship |
| 5:35 | Create | Villager (Male) |
| 5:35 | Create | Villager (Male) |
| 6:00 | Create | Villager (Male) |
| 6:05 | Create | Fishing Ship |
| 6:26 | Create | Fishing Ship |
| 6:41 | Build | House |
| 6:47 | Create | Villager (Male) |
| 7:13 | Build | House |
| 7:15 | Create | Villager (Male) |
| 8:00 | Create | Villager (Male) |
| 8:08 | Create | Villager (Male) |
| 8:38 | Research | Feudal Age |
| 8:41 | Build | Mining Camp |
| 10:04 | Create | Villager (Male) |
| 10:52 | Age | Feudal Age |
| 10:55 | Create | Villager (Male) |
| 11:08 | Build | Blacksmith |
| 11:15 | Build | Mill |
| 11:22 | Create | Villager (Male) |
| 11:23 | Create | Villager (Male) |
| 11:46 | Build | Market |
| 12:22 | Research | Castle Age |
| 12:51 | Build | Lumber Camp |
| 13:03 | Research | Double-Bit Axe |
| 13:11 | Build | House |
| 13:14 | Research | Horse Collar |
| 14:11 | Build | Fish Trap |
| 14:16 | Build | Fish Trap |
| 14:33 | Build | Fish Trap |
| 14:37 | Build | Fish Trap |
| 14:48 | Age | Castle Age |
| 14:53 | Create | Villager (Male) |
| 14:58 | Build | Town Center |
| 15:07 | Research | Bow Saw |
| 15:08 | Create | Villager (Male) |
| 15:11 | Create | Villager (Male) |
| 15:24 | Build | Town Center |
| 15:39 | Create | Villager (Male) |
| 15:53 | Create | Villager (Male) |
| 16:02 | Build | Town Center |
| 16:08 | Create | Villager (Male) |
| 16:18 | Research | Heavy Plow |
| 16:30 | Create | Fishing Ship |
| 16:41 | Build | Farm |
| 16:44 | Create | Villager (Male) |
| 16:46 | Build | Farm |
| 16:50 | Build | Farm |
| 16:54 | Build | Farm |
| 17:08 | Create | Villager (Male) |
| 17:14 | Build | House |
| 17:15 | Build | House |
| 17:16 | Create | Villager (Male) |
| 17:22 | Build | Fish Trap |
| 17:24 | Create | Villager (Male) |
| 17:29 | Create | Villager (Male) |
| 17:34 | Build | Farm |
| 17:36 | Create | Villager (Male) |
| 17:41 | Build | Farm |
| 17:44 | Create | Villager (Male) |
| 17:44 | Create | Villager (Male) |
| 17:45 | Create | Villager (Male) |
| 17:45 | Create | Villager (Male) |
| 17:55 | Build | House |
| 17:56 | Build | House |
| 17:57 | Create | Villager (Male) |
| 18:06 | Build | Farm |
| 18:09 | Build | Farm |
| 18:15 | Create | Villager (Male) |
| 18:15 | Create | Villager (Male) |
| 18:17 | Create | Villager (Male) |
| 18:18 | Create | Villager (Male) |
| 18:32 | Create | Villager (Male) |
| 18:32 | Create | Villager (Male) |
| 18:42 | Build | Monastery |
| 18:45 | Build | House |
| 18:46 | Build | House |
| 18:51 | Build | House |
| 18:52 | Build | House |
| 18:53 | Build | House |
| 18:55 | Create | Villager (Male) |
| 18:56 | Create | Villager (Male) |
| 19:06 | Build | Farm |
| 19:08 | Build | Farm |
| 19:09 | Build | Farm |
| 19:12 | Build | Farm |
| 19:13 | Create | Villager (Male) |
| 19:13 | Create | Villager (Male) |
| 19:14 | Create | Villager (Male) |
| 19:14 | Create | Villager (Male) |
| 19:19 | Create | Villager (Male) |
| 19:20 | Create | Villager (Male) |
| 19:26 | Build | Farm |
| 19:29 | Create | Villager (Male) |
| 19:29 | Create | Villager (Male) |
| 19:33 | Create | Monk |
| 19:35 | Create | Villager (Male) |
| 19:40 | Build | House |
| 19:43 | Build | House |
| 19:44 | Build | House |
| 19:49 | Build | Farm |
| 19:50 | Create | Villager (Male) |
| 19:50 | Create | Villager (Male) |
| 19:53 | Create | Villager (Male) |
| 19:53 | Create | Villager (Male) |
| 19:57 | Build | Farm |
| 20:00 | Build | Farm |
| 20:09 | Build | Farm |
| 20:13 | Create | Villager (Male) |
| 20:14 | Create | Villager (Male) |
| 20:17 | Build | Farm |
| 20:27 | Create | Villager (Male) |
| 20:28 | Create | Villager (Male) |
| 20:28 | Create | Villager (Male) |
| 20:28 | Create | Villager (Male) |
| 20:33 | Create | Villager (Male) |
| 20:33 | Create | Villager (Male) |
| 20:33 | Create | Villager (Male) |
| 20:48 | Build | House |
| 20:50 | Create | Villager (Male) |
| 20:51 | Create | Villager (Male) |
| 20:56 | Build | Farm |
| 20:59 | Create | Villager (Male) |
| 21:00 | Create | Villager (Male) |
| 21:00 | Create | Villager (Male) |
| 21:00 | Create | Villager (Male) |
| 21:06 | Build | Farm |
| 21:07 | Build | Farm |
| 21:11 | Build | Farm |
Build order — 叫我一声靓仔
First 150 of 358 actions detected
| 0:04 | Create | Villager (Male) |
| 0:04 | Research | Loom |
| 0:04 | Create | Villager (Male) |
| 0:04 | Create | Villager (Male) |
| 0:05 | Create | Villager (Male) |
| 0:06 | Build | House |
| 0:07 | Build | House |
| 0:53 | Build | Palisade Wall |
| 2:01 | Build | House |
| 2:18 | Create | Villager (Male) |
| 2:19 | Create | Villager (Male) |
| 3:01 | Create | Villager (Male) |
| 3:01 | Create | Villager (Male) |
| 3:01 | Create | Villager (Male) |
| 3:28 | Build | Palisade Wall |
| 3:38 | Create | Villager (Male) |
| 3:39 | Create | Villager (Male) |
| 4:09 | Create | Villager (Male) |
| 4:09 | Create | Villager (Male) |
| 4:46 | Create | Villager (Male) |
| 4:46 | Create | Villager (Male) |
| 5:44 | Create | Villager (Male) |
| 5:45 | Create | Villager (Male) |
| 6:09 | Create | Villager (Male) |
| 6:09 | Create | Villager (Male) |
| 6:26 | Build | House |
| 6:27 | Build | House |
| 7:02 | Create | Villager (Male) |
| 7:02 | Create | Villager (Male) |
| 7:03 | Create | Villager (Male) |
| 7:10 | Build | Palisade Wall |
| 7:36 | Create | Villager (Male) |
| 7:36 | Create | Villager (Male) |
| 7:49 | Build | Outpost |
| 7:56 | Create | Villager (Male) |
| 7:56 | Create | Villager (Male) |
| 7:57 | Create | Villager (Male) |
| 8:06 | Build | Lumber Camp |
| 8:36 | Create | Villager (Male) |
| 8:37 | Create | Villager (Male) |
| 9:16 | Create | Villager (Male) |
| 9:16 | Create | Villager (Male) |
| 9:24 | Build | Mill |
| 10:55 | Research | Feudal Age |
| 10:55 | Research | Feudal Age |
| 10:56 | Research | Feudal Age |
| 10:59 | Build | Mining Camp |
| 12:23 | Create | Villager (Male) |
| 12:48 | Create | Villager (Male) |
| 12:49 | Create | Villager (Male) |
| 13:02 | Create | Villager (Male) |
| 13:19 | Create | Villager (Male) |
| 13:22 | Age | Feudal Age |
| 13:27 | Build | Market |
| 13:36 | Build | Blacksmith |
| 13:53 | Build | Blacksmith |
| 14:23 | Build | House |
| 14:45 | Research | Castle Age |
| 14:45 | Research | Castle Age |
| 14:52 | Build | Outpost |
| 14:55 | Build | Stone Wall |
| 14:56 | Build | Stone Wall |
| 15:16 | Build | Stone Wall |
| 15:22 | Research | Double-Bit Axe |
| 15:22 | Research | Double-Bit Axe |
| 16:37 | Research | Horse Collar |
| 16:38 | Research | Horse Collar |
| 16:51 | Create | Villager (Male) |
| 17:23 | Create | Villager (Male) |
| 17:25 | Age | Castle Age |
| 17:30 | Build | Town Center |
| 17:37 | Build | Town Center |
| 17:44 | Build | House |
| 17:44 | Build | House |
| 17:50 | Build | House |
| 17:51 | Build | House |
| 17:54 | Build | House |
| 17:55 | Build | House |
| 18:01 | Research | Bow Saw |
| 18:01 | Research | Bow Saw |
| 18:18 | Create | Villager (Male) |
| 18:18 | Create | Villager (Male) |
| 18:19 | Create | Villager (Male) |
| 18:27 | Build | Farm |
| 18:31 | Build | Farm |
| 18:32 | Build | Farm |
| 18:34 | Build | Farm |
| 18:40 | Build | Farm |
| 18:44 | Build | Farm |
| 18:47 | Create | Villager (Male) |
| 18:47 | Create | Villager (Male) |
| 18:48 | Create | Villager (Male) |
| 19:04 | Create | Villager (Male) |
| 19:04 | Create | Villager (Male) |
| 19:04 | Create | Villager (Male) |
| 19:25 | Create | Villager (Male) |
| 19:25 | Create | Villager (Male) |
| 19:26 | Create | Villager (Male) |
| 19:41 | Create | Villager (Male) |
| 19:42 | Create | Villager (Male) |
| 19:42 | Create | Villager (Male) |
| 19:52 | Create | Villager (Male) |
| 19:53 | Create | Villager (Male) |
| 19:53 | Create | Villager (Male) |
| 20:01 | Build | University |
| 20:09 | Create | Villager (Male) |
| 20:09 | Create | Villager (Male) |
| 20:09 | Create | Villager (Male) |
| 20:33 | Build | Farm |
| 20:33 | Build | Farm |
| 20:33 | Build | Farm |
| 20:34 | Build | Farm |
| 20:34 | Build | Farm |
| 20:34 | Build | Farm |
| 20:47 | Create | Villager (Male) |
| 20:48 | Create | Villager (Male) |
| 21:15 | Create | Villager (Male) |
| 21:15 | Create | Villager (Male) |
| 21:21 | Research | Stone Mining |
| 21:21 | Research | Stone Mining |
| 21:54 | Create | Villager (Male) |
| 21:54 | Create | Villager (Male) |
| 21:56 | Research | Gold Mining |
| 21:56 | Research | Gold Mining |
| 22:12 | Create | Villager (Male) |
| 22:12 | Create | Villager (Male) |
| 22:12 | Create | Villager (Male) |
| 22:12 | Create | Villager (Male) |
| 22:22 | Research | Ballistics |
| 22:23 | Research | Ballistics |
| 22:26 | Research | Fletching |
| 22:41 | Build | Castle |
| 22:46 | Create | Villager (Male) |
| 22:46 | Create | Villager (Male) |
| 23:10 | Build | Farm |
| 23:11 | Build | Farm |
| 23:12 | Build | Farm |
| 23:21 | Research | Bodkin Arrow |
| 23:21 | Research | Bodkin Arrow |
| 23:31 | Build | Mining Camp |
| 23:34 | Create | Villager (Male) |
| 23:35 | Create | Villager (Male) |
| 23:59 | Create | Villager (Male) |
| 23:59 | Create | Villager (Male) |
| 23:59 | Create | Villager (Male) |
| 24:18 | Build | Gate |
| 24:22 | Build | Stone Wall |
| 24:27 | Create | Villager (Male) |
| 24:28 | Create | Villager (Male) |
| 24:28 | Create | Villager (Male) |
Build order — 明太宗Judy
First 150 of 396 actions detected
| 0:01 | Create | Villager (Male) |
| 0:03 | Build | House |
| 0:04 | Build | House |
| 0:08 | Research | Loom |
| 0:37 | Create | Villager (Male) ×3 |
| 0:37 | Create | Villager (Male) ×3 |
| 1:10 | Build | Palisade Wall |
| 1:49 | Build | Lumber Camp |
| 1:56 | Create | Villager (Male) |
| 1:56 | Create | Villager (Male) |
| 2:29 | Create | Villager (Male) |
| 2:29 | Create | Villager (Male) |
| 2:57 | Create | Villager (Male) |
| 2:58 | Create | Villager (Male) |
| 3:26 | Create | Villager (Male) |
| 3:26 | Create | Villager (Male) |
| 3:48 | Create | Villager (Male) |
| 3:48 | Create | Villager (Male) |
| 3:48 | Create | Villager (Male) |
| 4:14 | Create | Villager (Male) |
| 4:18 | Build | House |
| 4:32 | Create | Villager (Male) |
| 4:59 | Create | Villager (Male) |
| 5:22 | Create | Villager (Male) |
| 5:28 | Build | Mining Camp |
| 5:54 | Create | Villager (Male) |
| 6:04 | Create | Villager (Male) |
| 6:07 | Build | House |
| 6:35 | Create | Villager (Male) |
| 7:04 | Create | Villager (Male) |
| 7:23 | Create | Villager (Male) |
| 8:24 | Research | Feudal Age |
| 8:24 | Research | Feudal Age |
| 8:58 | Build | Barracks |
| 9:07 | Build | Palisade Wall |
| 9:59 | Build | Mining Camp |
| 10:08 | Build | Palisade Wall |
| 10:33 | Age | Feudal Age |
| 10:38 | Build | Stone Wall |
| 10:44 | Research | Wheelbarrow |
| 10:45 | Research | Double-Bit Axe |
| 10:46 | Research | Double-Bit Axe |
| 10:46 | Research | Double-Bit Axe |
| 10:47 | Create | Villager (Male) |
| 11:40 | Build | Dock |
| 11:53 | Build | House |
| 12:16 | Create | Villager (Male) |
| 12:20 | Create | Fishing Ship |
| 12:23 | Build | House |
| 12:41 | Create | Villager (Male) |
| 12:58 | Build | Blacksmith |
| 13:02 | Create | Villager (Male) |
| 13:22 | Create | Villager (Male) |
| 13:36 | Create | Fishing Ship |
| 14:03 | Create | Villager (Male) |
| 14:10 | Build | Mill |
| 14:25 | Build | Archery Range |
| 14:28 | Create | Villager (Male) |
| 14:32 | Create | Fishing Ship |
| 14:49 | Create | Villager (Male) |
| 15:04 | Create | Villager (Male) |
| 15:08 | Create | Fishing Ship |
| 15:36 | Build | Stone Wall |
| 16:03 | Research | Castle Age |
| 16:03 | Research | Castle Age |
| 16:09 | Build | Lumber Camp |
| 16:48 | Create | Fishing Ship |
| 16:53 | Create | Fishing Ship |
| 17:35 | Research | Horse Collar |
| 17:35 | Research | Horse Collar |
| 18:00 | Build | Fish Trap |
| 18:14 | Build | Dock |
| 18:18 | Create | Villager (Male) |
| 18:22 | Build | House |
| 18:23 | Build | House |
| 18:36 | Build | Lumber Camp |
| 18:43 | Age | Castle Age |
| 18:45 | Build | Town Center |
| 18:48 | Research | Bow Saw |
| 18:56 | Build | Fish Trap |
| 18:58 | Create | Fishing Ship |
| 19:04 | Build | Fish Trap |
| 19:21 | Create | Fishing Ship |
| 19:21 | Create | Fishing Ship |
| 19:26 | Create | Villager (Male) |
| 19:31 | Build | Fish Trap |
| 19:41 | Build | Fish Trap |
| 19:50 | Create | Villager (Male) |
| 19:53 | Create | Villager (Male) |
| 20:00 | Build | Fish Trap |
| 20:03 | Create | Fishing Ship |
| 20:03 | Create | Fishing Ship |
| 20:10 | Build | Fish Trap |
| 20:16 | Build | Fish Trap |
| 20:17 | Create | Fishing Ship |
| 20:17 | Create | Fishing Ship |
| 20:18 | Create | Villager (Male) |
| 20:19 | Create | Villager (Male) |
| 20:19 | Create | Villager (Male) |
| 20:37 | Build | Fish Trap |
| 20:42 | Build | Farm |
| 20:42 | Build | Farm |
| 20:42 | Build | Farm |
| 20:43 | Build | Farm |
| 20:49 | Build | Farm |
| 20:53 | Create | Villager (Male) |
| 20:53 | Create | Villager (Male) |
| 21:00 | Build | Fish Trap |
| 21:03 | Build | Fish Trap |
| 21:05 | Create | Villager (Male) |
| 21:06 | Create | Villager (Male) |
| 21:06 | Create | Villager (Male) |
| 21:17 | Build | Outpost |
| 21:23 | Create | Villager (Male) |
| 21:25 | Create | Villager (Male) |
| 21:25 | Create | Villager (Male) |
| 21:26 | Create | Villager (Male) |
| 21:30 | Build | Farm |
| 21:34 | Create | Fishing Ship |
| 21:37 | Build | Fish Trap |
| 21:43 | Build | Farm |
| 22:02 | Create | Villager (Male) |
| 22:02 | Create | Villager (Male) |
| 22:10 | Build | Fish Trap |
| 22:11 | Create | Villager (Male) |
| 22:19 | Create | Villager (Male) |
| 22:28 | Build | Fish Trap |
| 22:34 | Build | Fish Trap |
| 22:35 | Create | Villager (Male) |
| 22:36 | Create | Villager (Male) |
| 22:40 | Build | Farm |
| 22:48 | Research | Town Watch |
| 23:02 | Build | Town Center |
| 23:03 | Create | Villager (Male) |
| 23:04 | Create | Villager (Male) |
| 23:05 | Create | Villager (Male) |
| 23:13 | Research | Tech 906 |
| 23:14 | Research | Tech 906 |
| 23:21 | Build | House |
| 23:22 | Build | House |
| 23:26 | Research | Hand Cart |
| 23:26 | Research | Hand Cart |
| 23:43 | Create | Villager (Male) |
| 23:43 | Create | Villager (Male) |
| 23:49 | Build | Farm |
| 23:51 | Build | Farm |
| 23:52 | Build | Farm |
| 23:58 | Build | Farm |
| 24:01 | Build | Farm |
| 24:13 | Build | Lumber Camp |
Match timeline
| 0:53 | 叫我一声靓仔 · wall_segment Palisade Wall x13 |
| 1:10 | 明太宗Judy · wall_segment Palisade Wall x8 |
| 3:28 | 叫我一声靓仔 · wall_segment Palisade Wall x12 |
| 3:51 | hK | Agt. Smith · wall_segment Palisade Wall x11 |
| 3:59 | hK | TwisteR · first_building Dock |
| 4:49 | Issue · first_building Dock |
| 5:08 | hK | Agt. Smith · wall_segment Palisade Wall x1 |
| 5:43 | hK | Agt. Smith · wall_segment Palisade Wall x1 |
| 6:07 | hK | Agt. Smith · wall_segment Palisade Wall x8 |
| 6:22 | 随机必投 · first_building Dock |
| 7:10 | 叫我一声靓仔 · wall_segment Palisade Wall x6 |
| 7:58 | hK | Agt. Smith · wall_segment Palisade Wall x12 |
| 8:56 | 野豬騎士來囉 · age_up feudal |
| 8:58 | 明太宗Judy · first_building Barracks |
| 9:07 | 明太宗Judy · wall_segment Palisade Wall x9 |
| 9:46 | 随机必投 · age_up feudal |
| 9:52 | hK | Agt. Smith · wall_segment Palisade Wall x3 |
| 9:55 | hK | Agt. Smith · wall_segment Palisade Wall x10 |
| 10:08 | 明太宗Judy · wall_segment Palisade Wall x8 |
| 10:33 | 明太宗Judy · age_up feudal |
| 10:38 | 明太宗Judy · wall_segment Stone Wall x8 |
| 10:52 | hK | TwisteR · age_up feudal |
| 10:57 | EXILE | Lightning · age_up feudal |
| 11:28 | Issue · age_up feudal |
| 11:31 | 野豬騎士來囉 · wall_segment Stone Wall x4 |
| 11:40 | 明太宗Judy · first_building Dock |
| 12:24 | hK | Agt. Smith · age_up feudal |
| 12:56 | hK | Agt. Smith · first_building Dock |
| 12:58 | 野豬騎士來囉 · first_building Dock |
| 13:22 | 叫我一声靓仔 · age_up feudal |
| 13:33 | hK | TwisteR · first_market_buy 100 stone |
| 13:41 | hK | Agt. Smith · first_market_buy 100 food |
| 13:41 | hK | Agt. Smith · first_market_sell 100 wood |
| 14:25 | 明太宗Judy · first_building Archery Range |
| 14:45 | EXILE | Lightning · age_up castle |
| 14:48 | hK | TwisteR · age_up castle |
| 14:55 | 叫我一声靓仔 · wall_segment Stone Wall x2 |
| 14:56 | 叫我一声靓仔 · wall_segment Stone Wall x1 |
| 14:57 | Issue · first_market_buy 100 stone |
| 15:00 | hK | Agt. Smith · wall_segment Stone Wall x13 |
| 15:00 | Issue · age_up castle |
| 15:16 | 叫我一声靓仔 · wall_segment Stone Wall x11 |
| 15:36 | 明太宗Judy · wall_segment Stone Wall x9 |
| 16:28 | hK | Agt. Smith · age_up castle |
| 16:41 | hK | Agt. Smith · first_building Monastery |
| 17:25 | 叫我一声靓仔 · age_up castle |
| 18:42 | hK | TwisteR · first_building Monastery |
| 18:43 | 明太宗Judy · age_up castle |
| 19:51 | 随机必投 · first_building Barracks |
| 20:22 | 野豬騎士來囉 · age_up castle |
| 20:52 | 随机必投 · first_building Stable |
| 21:03 | EXILE | Lightning · first_market_sell 100 wood |
| 21:20 | EXILE | Lightning · first_market_buy 100 stone |
| 21:22 | 随机必投 · first_market_sell 500 food |
| 21:22 | 随机必投 · age_up castle |
| 21:23 | 随机必投 · first_market_buy 100 wood |
| 21:43 | Issue · first_building Monastery |
| 22:05 | EXILE | Lightning · first_building Dock |
| 22:41 | 叫我一声靓仔 · first_building Castle |
| 22:55 | 随机必投 · first_building Siege Workshop |
| 23:39 | hK | Agt. Smith · first_building Castle |
| 23:47 | hK | Agt. Smith · wall_segment Stone Wall x1 |
| 23:50 | EXILE | Lightning · first_building Monastery |
| 24:08 | hK | Agt. Smith · wall_segment Stone Wall x1 |
| 24:10 | hK | Agt. Smith · wall_segment Stone Wall x8 |
| 24:12 | 叫我一声靓仔 · first_market_buy 100 stone |
| 24:22 | 叫我一声靓仔 · wall_segment Stone Wall x4 |
| 24:37 | 野豬騎士來囉 · first_building Monastery |
| 24:57 | Issue · first_building Siege Workshop |
| 25:01 | Issue · first_building Barracks |
| 25:11 | hK | TwisteR · first_building Castle |
| 25:12 | hK | Agt. Smith · first_building Siege Workshop |
| 26:11 | Issue · first_building Castle |
| 26:13 | Issue · first_building Archery Range |
| 26:33 | 野豬騎士來囉 · first_building Castle |
| 26:43 | 叫我一声靓仔 · wall_segment Stone Wall x9 |
| 26:48 | 明太宗Judy · first_building Siege Workshop |
| 26:49 | 随机必投 · wall_segment Stone Wall x1 |
| 26:49 | 野豬騎士來囉 · first_market_sell 500 wood |
| 26:52 | 野豬騎士來囉 · first_market_buy 100 food |
| 26:56 | hK | TwisteR · first_building Barracks |
| 27:09 | hK | Agt. Smith · wall_segment Stone Wall x1 |
| 27:29 | hK | Agt. Smith · wall_segment Stone Wall x13 |
| 27:29 | Issue · first_building Stable |
| 27:33 | hK | Agt. Smith · wall_segment Stone Wall x9 |
| 27:38 | hK | Agt. Smith · wall_segment Stone Wall x6 |
| 27:40 | EXILE | Lightning · first_building Barracks |
| 27:40 | hK | Agt. Smith · wall_segment Stone Wall x1 |
| 27:44 | hK | Agt. Smith · wall_segment Stone Wall x10 |
| 27:59 | Issue · age_up imperial |
| 28:02 | hK | Agt. Smith · wall_segment Stone Wall x5 |
| 28:08 | EXILE | Lightning · first_building Stable |
| 28:15 | hK | Agt. Smith · wall_segment Stone Wall x1 |
| 28:16 | hK | Agt. Smith · wall_segment Stone Wall x1 |
| 28:19 | hK | Agt. Smith · wall_segment Stone Wall x5 |
| 28:23 | hK | Agt. Smith · first_building Barracks |
| 28:37 | hK | TwisteR · first_building Stable |
| 28:39 | hK | Agt. Smith · age_up imperial |
| 28:58 | hK | Agt. Smith · wall_segment Stone Wall x4 |
| 29:03 | hK | Agt. Smith · wall_segment Stone Wall x3 |
| 29:10 | 野豬騎士來囉 · first_building Siege Workshop |
| 29:12 | hK | Agt. Smith · wall_segment Stone Wall x4 |
| 29:14 | hK | Agt. Smith · wall_segment Stone Wall x1 |
| 29:29 | hK | TwisteR · age_up imperial |
| 29:32 | hK | Agt. Smith · first_building Archery Range |
| 29:43 | hK | Agt. Smith · wall_segment Stone Wall x7 |
| 29:43 | EXILE | Lightning · age_up imperial |
| 29:53 | hK | Agt. Smith · wall_segment Stone Wall x3 |
| 30:12 | 明太宗Judy · first_market_buy 100 stone |
| 30:15 | 野豬騎士來囉 · age_up imperial |
| 30:29 | 明太宗Judy · first_building Castle |
| 30:42 | 叫我一声靓仔 · wall_segment Stone Wall x1 |
| 31:02 | 野豬騎士來囉 · wall_segment Stone Wall x9 |
| 31:15 | 明太宗Judy · age_up imperial |
| 31:23 | Issue · wall_segment Palisade Wall x1 |
| 31:25 | hK | Agt. Smith · wall_segment Stone Wall x10 |
| 31:36 | 野豬騎士來囉 · wall_segment Stone Wall x10 |
| 31:47 | 叫我一声靓仔 · first_building Barracks |
| 31:51 | Issue · first_market_sell 500 food |
| 32:02 | 明太宗Judy · first_market_sell 100 food |
| 32:22 | 叫我一声靓仔 · first_building Archery Range |
| 32:24 | 叫我一声靓仔 · first_building Stable |
| 32:33 | hK | Agt. Smith · wall_segment Stone Wall x11 |
| 32:56 | 随机必投 · first_building Castle |
| 33:40 | hK | TwisteR · first_market_sell 500 wood |
| 33:42 | 随机必投 · age_up imperial |
| 34:19 | 野豬騎士來囉 · wall_segment Stone Wall x9 |
| 34:34 | hK | TwisteR · first_building Siege Workshop |
| 34:45 | 野豬騎士來囉 · first_building Barracks |
| 36:48 | 叫我一声靓仔 · age_up imperial |
| 36:52 | hK | TwisteR · tribute_sent a jugador 1 |
| 36:52 | hK | TwisteR · tribute_sent a jugador 2 |
| 36:52 | hK | TwisteR · tribute_sent a jugador 3 |
| 36:52 | hK | TwisteR · tribute_sent a jugador 4 |
| 36:52 | hK | TwisteR · tribute_sent a jugador 5 |
| 36:52 | hK | TwisteR · tribute_sent a jugador 7 |
| 36:52 | hK | TwisteR · tribute_sent a jugador 8 |
| 37:08 | Issue · tribute_sent a jugador 1 |
| 37:08 | Issue · tribute_sent a jugador 2 |
| 37:08 | Issue · tribute_sent a jugador 3 |
| 37:08 | Issue · tribute_sent a jugador 4 |
| 37:08 | Issue · tribute_sent a jugador 6 |
| 37:08 | Issue · tribute_sent a jugador 7 |
| 37:08 | Issue · tribute_sent a jugador 8 |
| 37:21 | 叫我一声靓仔 · wall_segment Stone Wall x9 |
| 37:45 | hK | TwisteR · tribute_sent a jugador 1 |
| 37:45 | hK | TwisteR · tribute_sent a jugador 2 |
| 37:45 | hK | TwisteR · tribute_sent a jugador 3 |
| 37:45 | hK | TwisteR · tribute_sent a jugador 4 |
| 37:45 | hK | TwisteR · tribute_sent a jugador 5 |
| 37:45 | hK | TwisteR · tribute_sent a jugador 7 |
| 37:45 | hK | TwisteR · tribute_sent a jugador 8 |
| 38:40 | EXILE | Lightning · first_building Castle |
| 38:47 | Issue · tribute_sent a jugador 1 |
| 38:47 | Issue · tribute_sent a jugador 2 |
| 38:47 | Issue · tribute_sent a jugador 3 |
| 38:47 | Issue · tribute_sent a jugador 4 |
| 38:47 | Issue · tribute_sent a jugador 6 |
| 38:47 | Issue · tribute_sent a jugador 7 |
| 38:47 | Issue · tribute_sent a jugador 8 |
| 39:57 | 野豬騎士來囉 · wall_segment Stone Wall x12 |
| 40:24 | Issue · resign |
[ AI ANALYSIS · 1 CREDIT ]
What really happened in this match?
Wolo.gg analyzes every decision: build order, eco, micro, common mistakes by bracket. Personalized analysis on WhatsApp or Discord in 30 seconds.
Civ guide
Malay
Perfil
随机必投